 Dungeon Crawl Stone Soup version 0.23.2-30-g0e89c35649 (webtiles) character file.

Game seed: 6623654467901719533

1086 dvd the Chiller (level 8, -1/54 HPs)
             Began as a Demonspawn Ice Elementalist on June 17, 2019.
             Was an Initiate of Vehumet.
             Slain by a gnoll
             ... wielding a +0 club
              (8 damage)
             ... on level 6 of the Dungeon.
             The game lasted 00:14:19 (5625 turns).

dvd the Chiller (Demonspawn Ice Elementalist)       Turns: 5625, Time: 00:14:20

Health: -1/54      AC:  8    Str:  8    XL:     8   Next: 9%
Magic:  0/14       EV:  6    Int: 21    God:    Vehumet [......]
Gold:   358        SH:  0    Dex: 15    Spells: 6/16 levels left

rFire    . . .     SeeInvis .   o - +4 flail (distort)
rCold    + . .     Gourm    .   (no shield)
rNeg     . . .     Faith    .   u - +1 leather armour {MR+}
rPois    .         Spirit   +   (helmet restricted)
rElec    .         Reflect  .   (no cloak)
rCorr    .         Harm     .   (no gloves)
MR       +....                  e - +0 pair of boots
Stlth    ++........             (no amulet)
HPRegen  0.18/turn              r - ring of protection from cold
MPRegen  0.14/turn              w - +3 ring of intelligence

@: held
A: horns 1, molten scales 2, demonic guardian 2, magic shield
a: Renounce Religion


You were on level 6 of the Dungeon.
You worshipped Vehumet.
Vehumet was noncommittal.
You were not hungry.

You visited 2 branches of the dungeon, and saw 7 of its levels.

You collected 358 gold pieces.

Inventory:

Hand Weapons
 d - a +0 short sword
 o - a +4 flail of distortion (weapon)
Armour
 e - a +0 pair of boots (worn)
 n - a +2 helmet
 u - a +1 leather armour of magic resistance (worn)
Jewellery
 r - a ring of protection from cold (left hand)
 w - a +3 ring of intelligence (right hand)
Wands
 p - a wand of polymorph (7)
 v - a wand of random effects (16)
Scrolls
 b - 3 scrolls of teleportation
 h - 8 scrolls of identify
 j - 4 scrolls of magic mapping
 k - 3 scrolls of remove curse
Potions
 g - 3 potions of heal wounds
 q - a potion of curing
 t - 2 potions of flight
Comestibles
 a - a chunk of flesh
 c - 13 rations


   Skills:
 + Level 1.2 Fighting
 + Level 2.2 Short Blades
 * Level 3.3 Maces & Flails
 + Level 1.3 Armour
 + Level 2.8 Dodging
 + Level 3.2 Stealth
 + Level 4.5 Spellcasting
 + Level 1.5 Conjurations
 + Level 1.1 Charms
 + Level 4.9 Ice Magic


You had 6 spell levels left.
You knew the following spells:

 Your Spells              Type           Power        Failure   Level  Hunger
a - Freeze                Ice            ####         1%          1    None
b - Throw Frost           Conj/Ice       ###...       6%          2    #......
c - Ozocubu's Armour      Chrm/Ice       ###.....     14%         3    ##.....
d - Throw Icicle          Conj/Ice       ###.....     38%         4    ####...

Your spell library contained the following spells:

 Spells                   Type           Power        Failure   Level  Hunger
 Summon Ice Beast         Ice/Summ       ###.....     50%         4    ####...


Dungeon Overview and Level Annotations

Branches:
Dungeon (6/15)             Temple (1/1) D:5

Altars:
Ashenzari
Cheibriados
Dithmenos
Elyvilon
Fedhas
Gozag
Hepliaklqana
Kikubaaqudgha
Makhleb
Nemelex Xobeh
Okawaru
Qazlal
Ru
Sif Muna
Trog
Uskayaw
Vehumet
Wu Jian
Xom
Yredelemnul
The Shining One

Shops:
D:5 *


Innate Abilities, Weirdness & Mutations

You have a pair of small horns on your head.
You are mostly covered in molten scales. (AC +3)
A demonic guardian rushes to your aid.
When hurt, damage is shared between your health and your magic reserves.


Message History

You freeze the gnoll!
The gnoll is almost dead.
The gnoll closely misses you. The gnoll hits you with a +0 club!
The gnoll hits you with a +0 club.
Casting: Freeze (safe; 1% risk of failure)
Confirm with . or Enter, or press ? or * to list all spells.
You don't have enough magic to cast that spell.
Unknown command.
You struggle against the net.
The gnoll hits you but does no damage. x2
The gnoll hits you with a +0 club.
You struggle against the net.
The gnoll hits you with a +0 whip. The gnoll hits you with a +0 club.
You struggle against the net.
The gnoll hits you with a +0 club.
* * * LOW HITPOINT WARNING * * *
The gnoll hits you with a +0 whip.
* * * LOW HITPOINT WARNING * * *
The gnoll hits you with a +0 club.
* * * LOW HITPOINT WARNING * * *
You struggle against the net.
The gnoll hits you with a +0 club!
You die...

#.......#
#######.###
#...######
###.#...?#
#.#....#
#.#....#
#.#....#
#.ggg..#
#..@...#
#.....##
#........
#......###
#......#
......##
.......#
#.......#


You could see 3 gnolls.

Vanquished Creatures
  An ice beast (D:6)
  A scorpion (D:2)
  2 crimson imps (D:6)
  A bullfrog zombie (D:5)
  An orc wizard (D:5)
  A centaur zombie (D:6)
  4 worker ants
  Robin (D:4)
  5 adders
  A shadow imp (D:5)
  3 dart slugs
  6 leopard geckos
  7 orcs
  10 giant cockroaches
  15 goblins
  16 hobgoblins
  2 jackals (D:1)
  6 kobolds
  3 quokkas
  2 ball pythons (D:1)
  7 bats
  8 frilled lizards
  A jackal skeleton (D:5)
  7 rats
111 creatures vanquished.

Vanquished Creatures (collateral kills)
  A two-headed ogre (D:6)
  Menkaure (D:4)
  A centaur (D:5)
  An orc wizard (D:5)
  3 orcs (D:5)
7 creatures vanquished.

Vanquished Creatures (others)
  An orc (D:5)
1 creature vanquished.

Grand Total: 119 creatures vanquished

Notes
Turn   | Place    | Note
-------+----------+-------------------------------------------
     0 | D:1      | dvd the Demonspawn Ice Elementalist began the quest for the
                  | Orb.
     0 | D:1      | Reached XP level 1. HP: 13/13 MP: 3/3
   181 | D:1      | Gained mutation: You are partially covered in molten
                  | scales. (AC +2) [demonic ancestry]
   181 | D:1      | Reached XP level 2. HP: 17/19 MP: 1/5
   233 | D:1      | Learned a level 2 spell: Throw Frost
   522 | D:1      | Gained mutation: A weak demonic guardian rushes to your
                  | aid. [demonic ancestry]
   522 | D:1      | Reached XP level 3. HP: 18/24 MP: 2/6
   934 | D:1      | Learned a level 3 spell: Ozocubu's Armour
  1490 | D:2      | Reached skill level 1 in Short Blades
  1671 | D:2      | Gained mutation: When hurt, damage is shared between your
                  | health and your magic reserves. [demonic ancestry]
  1671 | D:2      | Reached XP level 4. HP: 29/30 MP: 5/7
  2284 | D:3      | Gained mutation: A demonic guardian rushes to your aid.
                  | [demonic ancestry]
  2284 | D:3      | Reached XP level 5. HP: 35/35 MP: 6/9
  3400 | D:4      | Noticed Menkaure
  3405 | D:4      | Killed Menkaure
  3660 | D:4      | Noticed Robin
  3697 | D:4      | Killed Robin
  3746 | D:4      | Reached XP level 6. HP: 14/42 MP: 0/11
  4370 | D:5      | Entered Level 5 of the Dungeon
  4390 | D:5      | Found Ocvolac's Assorted Antiques.
  5019 | D:5      | Found a staircase to the Ecumenical Temple.
  5023 | Temple   | Entered the Ecumenical Temple
  5080 | Temple   | Became a worshipper of Vehumet
  5215 | D:6      | Noticed a two-headed ogre
  5283 | D:5      | Reached skill level 1 in Maces & Flails
  5283 | D:5      | Gained mutation: You are mostly covered in molten scales.
                  | (AC +3) [demonic ancestry]
  5283 | D:5      | Reached XP level 7. HP: 30/47 MP: 3/12
  5528 | D:6      | Reached skill level 1 in Armour
  5536 | D:6      | Learned a level 4 spell: Throw Icicle
  5541 | D:6      | Killed a two-headed ogre
  5541 | D:6      | Reached skill level 1 in Fighting
  5541 | D:6      | Reached skill level 1 in Charms
  5613 | D:6      | Gained mutation: You have a pair of small horns on your
                  | head. [demonic ancestry]
  5613 | D:6      | Reached XP level 8. HP: 54/54 MP: 3/14
  5625 | D:6      | Slain by a gnoll

Skill      XL: |  1  2  3  4  5  6  7 |
---------------+----------------------+-----
Ice Magic      | 3 4 |  4.9
Stealth        | 2 3 |  3.2
Dodging        | 2 |  2.8
Short Blades   | 1 2 |  2.2
Spellcasting   | 3 4 |  4.5
Maces & Flails | 1 3 |  3.3
Armour         | 1 |  1.3
Fighting       | 1 |  1.2
Charms         | 1 |  1.1
Conjurations   | |  1.5

Action                   |  1- 3 |  4- 6 |  7- 9 || total
-------------------------+-------+-------+-------++-------
Melee: Short sword       |    52 |    85 |       ||   137
       Flail             |       |    34 |    16 ||    50
 Cast: Freeze            |    48 |    64 |    14 ||   126
       Throw Frost       |     6 |    19 |     5 ||    30
       Ozocubu's Armour  |     1 |     9 |     4 ||    14
  Use: Potion            |       |     6 |       ||     6
       Scroll            |       |     9 |       ||     9
 Stab: Sleeping          |     5 |     9 |       ||    14
  Eat: Chunk             |     3 |    13 |     2 ||    18
Armor: Robe              |    20 |    12 |       ||    32
       Leather armour    |       |    82 |    14 ||    96
Dodge: Dodged            |    62 |   134 |    10 ||   206
